 Dungeon Crawl Stone Soup version 0.20-a0-1016-g241539b (webtiles) character file.

96 Angani the Skirmisher (level 4, -1/40 HPs)
             Began as a Gnoll Transmuter on Apr 16, 2017.
             Slain by a gnoll
             ... wielding a +0 spear
              (8 damage)
             ... on level 2 of the Dungeon.
             The game lasted 00:03:09 (1734 turns).

Angani the Skirmisher (Gnoll Transmuter)            Turns: 1734, Time: 00:03:10

Health: -1/40      AC:  2    Str:  7 (9)  XL:     4   Next: 67%
Magic:  7/8        EV: 13    Int: 12 (14) God:
Gold:   40         SH:  0    Dex: 12 (14) Spells: 8/9 levels left

rFire    . . .     SeeInvis .     - Unarmed
rCold    . . .     Gourm    .   (no shield)
rNeg     . . .     Faith    .   b - +0 robe
rPois    .         Spirit   .   (no helmet)
rElec    .         Reflect  .   (no cloak)
rCorr    .         Harm     .   (no gloves)
MR       .....                  (no boots)
Stlth    +.........             (no amulet)
Regen    0.2/turn               (no ring)
MPRegen  0.2/turn               (no ring)

@: very slightly contaminated, drained
A: short attention span, fangs 1, strong nose
a: no special abilities


You were on level 2 of the Dungeon.
You were hungry.

You visited 1 branch of the dungeon, and saw 2 of its levels.

You collected 40 gold pieces.

Inventory:

Missiles
 a - 28 arrows
Armour
 b - a +0 robe (worn)
Jewellery
 i - an uncursed ring of magical power {unknown}
Scrolls
 e - a scroll of remove curse {unknown}
 f - 2 scrolls of identify {unknown}
 k - a scroll of teleportation {unknown}
 p - 2 scrolls of blinking {unknown}
 r - a scroll of fog {unknown}
Potions
 g - a potion of invisibility {unknown}
 h - a potion of haste {unknown}
 l - a potion of lignification {unknown}
 m - 2 potions of degeneration
 n - a potion of mutation {unknown}
 q - a potion of agility {unknown}
Books
 c - a book of Changes

   Spells                             Type                      Level
   a - Beastly Appendage              Transmutation                1
   b - Sticks to Snakes               Transmutation                2
   c - Spider Form                    Transmutation/Poison         3
   d - Ice Form                       Ice/Transmutation            4
   e - Blade Hands                    Transmutation                5
Comestibles
 d - 3 bread rations
 o - a chunk of flesh


   Skills:
 + Level 5.7(5.5) Fighting
 - Level 3.0(2.8) Dodging
 - Level 5.1(5.0) Unarmed Combat
 - Level 3.2(3.1) Spellcasting
 - Level 3.0(2.8) Transmutations


You had 8 spell levels left.
You knew the following spells:

 Your Spells              Type           Power        Failure   Level  Hunger
a - Beastly Appendage     Tmut           #.....       10%         1    #......


Dungeon Overview and Level Annotations

Branches:
Dungeon (2/15)

Altars:
Ashenzari


Innate Abilities, Weirdness & Mutations

You have a short attention span.
You have very sharp teeth.
Your uncanny sense of smell can sniff out nearby items.


Message History

The bat hits you but does no damage. The gnoll hits you with a spear.
* * * LOW HITPOINT WARNING * * *
You feel better. The bat hits you but does no damage.
The gnoll hits you with a spear.
* * * LOW HITPOINT WARNING * * *
You hit the gnoll.
The gnoll is moderately wounded.
The bat hits you.
* * * LOW HITPOINT WARNING * * *
The gnoll barely misses you.
You hit the gnoll.
The gnoll is severely wounded.
The bat misses you. The gnoll barely misses you. The bat closely misses you.
You closely miss the gnoll.
The gnoll is severely wounded.
The bat hits you but does no damage. The gnoll misses you.
You hit the gnoll but do no damage.
The gnoll is severely wounded.
The bat misses you. The gnoll hits you with a spear!
You die...

#........#...##.#####......
#........#...##....#.......
#........#....)....#⌠..#+.#
#........'(........####.g.#
#........#...#####....#....
#........#...#####.#..#...#
##########.........##.#####
#.b............)..
#@######..##..##.( #g#
#..##..##.. #)# #..##..##..
#.............##..
......### #######. #......#
∆ #. ##....## #. ...... #.
....... #.


You could see a gnoll and a bat.

Vanquished Creatures
  3 gnolls (D:2)
  An adder (D:2)
  An ooze (D:1)
  A worm (D:2)
  2 dart slugs (D:1)
  A leopard gecko (D:2)
  6 bats
  2 giant cockroaches
  7 goblins
  3 hobgoblins (D:2)
  6 jackals
  4 frilled lizards
  5 kobolds (D:2)
  2 rats
44 creatures vanquished.

Notes
Turn   | Place    | Note
-------+----------+-------------------------------------------
     0 | D:1      | Angani the Gnoll Transmuter began the quest for the Orb.
     0 | D:1      | Reached XP level 1. HP: 15/15 MP: 4/4
   393 | D:1      | Reached skill level 5 in Unarmed Combat
   393 | D:1      | Reached XP level 2. HP: 3/21 MP: 6/6
  1096 | D:1      | Reached XP level 3. HP: 29/29 MP: 7/7
  1554 | D:2      | Reached XP level 4. HP: 34/38 MP: 6/8
  1573 | D:2      | Found a shattered altar of Ashenzari.
  1692 | D:2      | Reached skill level 5 in Fighting
  1724 | D:2      | HP: 2/40 [bat (1)]
  1729 | D:2      | HP: 2/40 [gnoll/spear (6)]
  1734 | D:2      | Slain by a gnoll

Vault maps used:
D:1:      minmay_arrival_checkered_box
D:2:      wad_lake_hut, evilmike_ruin_ashenzari

Skill      XL: |  1  2  3  4 |
---------------+-------------+-----
Unarmed Combat | 5 |  5.1
Fighting       | 3 4 5 |  5.7
Dodging        | |  3.0
Spellcasting   | |  3.2
Transmutations | |  3.0

Action                   |  1- 3 |  4- 6 || total
-------------------------+-------+-------++-------
Melee: Unarmed           |    94 |    37 ||   131
       Bite              |    10 |     1 ||    11
       Kick              |     5 |     9 ||    14
       Headbutt          |     2 |       ||     2
       Punch             |     1 |       ||     1
 Cast: Beastly Appendage |     6 |     3 ||     9
  Use: Potion            |       |     4 ||     4
 Stab: Sleeping          |     3 |       ||     3
       Distracted        |     1 |       ||     1
  Eat: Chunk             |     2 |       ||     2
Armor: Robe              |    11 |    13 ||    24
Dodge: Dodged            |    76 |    35 ||   111
